 Dungeon Crawl Stone Soup version 0.30-b1-2-g02819fbbbe (webtiles) character file.

Game seed: 12687754714095178346

166 HoaS the Shooter (level 5, -5/36 (41) HPs)
             Began as a Demigod Hunter on May 20, 2023.
             Slain by a wight
             ... wielding a +4 flail
              (6 damage)
             ... on level 4 of the Dungeon.
             The game lasted 00:04:11 (1926 turns).

HoaS the Shooter (Demigod Hunter)                   Turns: 1926, Time: 00:04:13

HP:   -5/36 (41)    AC:  5    Str: 12    XL:     5   Next: 2%
MP:   7/7           EV: 12    Int: 11    God:
Gold: 150           SH:  0    Dex: 21    Spells: 4/4 levels left

rFire   . . .        a - +2 shortbow
rCold   . . .        (shield currently unavailable)
rNeg    . . .        c - +0 leather armour
rPois   .            f - +1 helmet
rElec   .            (no cloak)
rCorr   +            (no gloves)
SInv    .            (no boots)
Will    .....        (no amulet)
Stlth   ++           o - ring of resist corrosion
HPRegen 0.26/turn    (no ring)
MPRegen 0.10/turn

%: no passive effects
@: heavily drained
A: high MP 1, forlorn, divine attributes
a: no special abilities


You were on level 4 of the Dungeon.
You visited 1 branch of the dungeon, and saw 4 of its levels.

You collected 150 gold pieces.

Inventory:

Hand Weapons
 a - a +2 shortbow (weapon)
Armour
 c - a +0 leather armour (worn)
 f - a +1 helmet (worn)
Jewellery
 o - a ring of resist corrosion (left hand)
Wands
 l - a wand of flame (17)
 m - a wand of mindburst (12)
Scrolls
 b - 2 scrolls of immolation
 d - a scroll of teleportation
Potions
 e - a potion of haste {unknown}
 g - 2 potions of degeneration {unknown}
 h - 2 potions of heal wounds
 i - 3 potions of ambrosia
 j - 3 potions of curing
 k - a potion of mutation {unknown}


   Skills:
 - Level 1.7 Fighting
 + Level 6.0 Ranged Weapons
 - Level 1.7 Dodging
 - Level 0.8 Stealth


You had 4 spell levels left.
You didn't know any spells.
Your spell library contained the following spells:

 Spells                   Type           Power      Damage    Failure   Level
 Freeze                   Ice            0%         1d3       41%         1
 Kiss of Death            Conj/Necr      0%         2d5       41%         1
 Confusing Touch          Hex            0%         N/A       80%         3
 Frozen Ramparts          Ice            0%         1d1       80%         3
 Hailstorm                Conj/Ice       0%         3d3       80%         3
 Dispel Undead            Necr           0%         3d6       99%         4


Dungeon Overview and Level Annotations

Branches:
Dungeon (4/15)
 Temple: D:4-7

Annotations:
D:3 2 transporters, Menkaure


Innate Abilities, Weirdness & Mutations

You have an increased reservoir of magic. (+10% MP)
You shall have no god before yourself.
Your divine heritage dramatically boosts your attributes as you level up.


Message History

The wight closely misses you.
You shoot an arrow. The arrow hits the wight!
The wight is almost destroyed.
The wight hits you with a +0 falchion!
You feel drained.
You shoot an arrow. The arrow hits the wight.
You destroy the wight!
Your life force feels restored.
Your Ranged Weapons skill increases to level 6!
You have reached level 5!
You shoot an arrow. The arrow hits the wight!
The wight is heavily damaged.
You shoot an arrow.
The arrow hits the wight but does no damage.
The wight is heavily damaged.
The wight hits you with a +4 flail.
You shoot an arrow. The arrow hits the wight.
The wight is heavily damaged.
The wight hits you with a +4 flail!
You are too injured to fight recklessly!
You shoot an arrow. The arrow hits the wight.
The wight is heavily damaged.
The wight hits you with a +4 flail!
* * * LOW HITPOINT WARNING * * *
You feel drained.
* * * LOW HITPOINT WARNING * * *
The wight closely misses you.
You feel much better. The wight hits you with a +4 flail.
You feel drained.
You shoot an arrow. The arrow closely misses the wight.
The wight hits you with a +4 flail!
You shoot an arrow.
The arrow hits the wight but does no damage.
The wight is heavily damaged.
The wight barely misses you.
You shoot an arrow.
The arrow hits the wight but does no damage.
The wight is heavily damaged.
The wight hits you with a +4 flail!
* * * LOW HITPOINT WARNING * * *
You feel drained.
You die...

#....####.. ##
##.....##.. .#
#.....##.# .#
#.....##.# .#
#...<.##.##.#####
#......†........#
#..........###.##
##.##.##.#)##...#
#.##.##.#.@z...#
#.##.##.####..##
#.##.##.#####.#
#.##.##.##....#
#.##...(......#
#.#####.##.####
#.# #..#. #.# #.
#.


You could see a wight.

Vanquished Creatures
  A wight (D:4)
  5 adders
  2 dart slugs
  An orc (D:3)
  8 endoplasms
  5 giant cockroaches
  7 goblins
  3 hobgoblins
  7 jackals (D:3)
  5 kobolds
  2 quokkas (D:1)
  8 ball pythons
  5 bats
  A frilled lizard (D:3)
  3 rats (D:1)
63 creatures vanquished.

Vanquished Creatures (others)
  A fungus (D:4)
1 creature vanquished.

Grand Total: 64 creatures vanquished

Notes
Turn   | Place    | Note
-------+----------+-------------------------------------------
     0 | D:1      | HoaS the Demigod Hunter began the quest for the Orb.
     0 | D:1      | Reached XP level 1. HP: 17/17 MP: 3/3
    59 | D:1      | Reached skill level 4 in Ranged Weapons
    97 | D:1      | Reached XP level 2. HP: 24/24 MP: 4/4
   737 | D:1      | Reached XP level 3. HP: 11/29 MP: 5/5
  1003 | D:2      | Reached skill level 5 in Ranged Weapons
  1193 | D:2      | Reached XP level 4. HP: 36/36 MP: 6/6
  1356 | D:3      | Noticed Menkaure
  1569 | D:3      | Found a transporter.
  1572 | D:3      | Found a transporter.
  1919 | D:4      | Reached skill level 6 in Ranged Weapons
  1919 | D:4      | Reached XP level 5. HP: 30/41 MP: 7/7
  1926 | D:4      | HP: 1/38 [wight/+4 flail (15)]
  1926 | D:4      | Slain by a wight

Illustrated notes

Levels and vault maps discovered:
D:1:      tarquinn_simple_flora_water_b, layout_loops_ring,
          chequers_ecumenical_altar_grove
D:2:      layout_basic, kennysheep_generic_room_5
D:3:      layout_rooms, gammafunk_temple_of_torment, trog_three_pillars_becter,
          amethyst_killhole, minmay_ruptured
D:4:      layout_loops_ring, fedhas_altar_3, minmay_temple_entry_antechambers

Skill      XL: |  1  2  3  4 |
---------------+-------------+-----
Ranged Weapons | 4 5 6 |  6.0
Fighting       | |  1.7
Dodging        | |  1.7
Stealth        | |  0.8

Action                     |  1- 3 |  4- 6 || total
---------------------------+-------+-------++-------
   Fire: Shortbow          |   113 |    53 ||   166
    Use: Scroll            |     3 |     6 ||     9
         Potion            |       |     1 ||     1
 Armour: Leather armour    |    12 |     7 ||    19
  Dodge: Dodged            |    41 |    14 ||    55
